 Dungeon Crawl Stone Soup version 0.31-a0-164-g2312942fda (webtiles) character file.

Game seed: 11763065553126928447

424 Irreverend the Shooter (level 6, -12/53 HPs)
             Began as a Barachi Hunter on June 14, 2023.
             Mangled by an ice beast (14 damage)
             ... on level 5 of the Dungeon.
             The game lasted 00:06:30 (4166 turns).

Irreverend the Shooter (Barachi Hunter)             Turns: 4166, Time: 00:06:31

Health: -12/53     AC:  4    Str: 17    XL:     6   Next: 96%
Magic:  6/6        EV: 13    Int: 14    God:
Gold:   171        SH:  0    Dex: 16    Spells: 5/5 levels left

rFire   . . .        a - +0 shortbow
rCold   . . .        (shield currently unavailable)
rNeg    . . .        c - +0 leather armour
rPois   +            (no helmet)
rElec   .            k - +0 cloak
rCorr   .            (no gloves)
SInv    .            (no boots)
Will    .....        (no amulet)
Stlth   +            i - ring of poison resistance
HPRegen 0.28/turn    B - +6 ring of strength
MPRegen 0.10/turn

%: no passive effects
@: slow
A: amphibious, slowness 1, strong legs 1, +LOS, hooves 1, clever 1, robust 1
a: Hop


You were on level 5 of the Dungeon.
You visited 1 branch of the dungeon, and saw 5 of its levels.

You collected 171 gold pieces.

Inventory:

Hand Weapons
 a - a +0 shortbow (weapon)
Missiles
 j - a throwing net
Armour
 c - a +0 leather armour (worn)
 k - a +0 cloak (worn)
 m - a +2 buckler
Jewellery
 i - a ring of poison resistance (left hand)
 p - a ring of positive energy
 B - a +6 ring of strength (right hand)
Wands
 t - a wand of mindburst (1)
Scrolls
 b - a scroll of butterflies
 d - a scroll of amnesia {unknown}
 f - 2 scrolls of noise {unknown}
 g - 4 scrolls of identify {unknown}
 h - 2 scrolls of fear {unknown}
 q - 3 scrolls of vulnerability {unknown}
 u - a scroll of torment {unknown}
 w - a scroll of fog {unknown}
 y - a scroll of enchant armour {unknown}
Potions
 e - 2 potions of resistance {unknown}
 l - a potion of berserk rage {unknown}
 n - 2 potions of mutation
 o - 2 potions of heal wounds {unknown}
 r - a potion of ambrosia {unknown}
 s - a potion of brilliance {unknown}
 v - a potion of might {unknown}
 x - a potion of degeneration {unknown}
 z - a potion of haste {unknown}
 A - a potion of enlightenment {unknown}
 C - a potion of cancellation {unknown}


   Skills:
 + Level 4.7 Fighting
 * Level 6.3 Ranged Weapons
 + Level 4.3 Dodging
 - Level 0.8 Stealth


You had 5 spell levels left.
You didn't know any spells.
Your spell library contained the following spells:

 Spells                   Type           Power      Damage    Failure   Level
 Inner Flame              Hex/Fire       0%         N/A       71%         3
 Flame Wave               Conj/Fire      0%         2d4       98%         4
 Sticky Flame             Conj/Fire      0%         2d3       98%         4
 Summon Ice Beast         Ice/Summ       0%         N/A       98%         4
 Summon Mana Viper        Hex/Summ       0%         N/A       100%        5
 Monstrous Menagerie      Summ           0%         N/A       100%        7


Dungeon Overview and Level Annotations

Branches:
Dungeon (5/15)
 Temple: D:4-7

Altars:
Sif Muna
Wu Jian

Shops:
D:2 ?:[

Annotations:
D:5 Duvessa


Innate Abilities, Weirdness & Mutations

You are amphibious.
You cover ground slowly.
You can hop short distances.
You have an extended range of vision and can be seen from far away.
You have large cloven feet.
Your mind is acute. (Int +4, Str/Dex -1)
You are robust. (+10% HP)


Message History

You are too injured to fight recklessly!
You are too injured to fight recklessly!
You are too injured to fight recklessly!
You are too injured to fight recklessly!
You are too injured to fight recklessly!
You are too injured to fight recklessly!
You are too injured to fight recklessly!
You are too injured to fight recklessly!
You are too injured to fight recklessly!
You are too injured to fight recklessly!
You are too injured to fight recklessly!
You are too injured to fight recklessly!
You are too injured to fight recklessly!
You are too injured to fight recklessly!
You are too injured to fight recklessly!
You shoot an arrow. The arrow closely misses the scorpion.
You feel sick. The scorpion barely misses you.
You shoot an arrow. The arrow barely misses the scorpion.
You feel sick. The scorpion stings you. x2
* * * LOW HITPOINT WARNING * * *
You shoot an arrow. The arrow hits the scorpion.
The scorpion is almost dead.
You feel sick. The scorpion stings you.
* * * LOW HITPOINT WARNING * * *
It was a potion of mutation.
You feel extremely strange.
You feel clever.
You feel robust.
Your feet thicken and deform.
You feel sick.
You are no longer poisoned.
The scorpion closely misses you.
You shoot an arrow. The arrow barely misses the scorpion.
The scorpion stings you.
* * * LOW HITPOINT WARNING * * *
The scorpion barely misses you.
You shoot an arrow. The arrow hits the scorpion.
You kill the scorpion!
You see here a scorpion corpse.
The ice beast attacks as you move away! The ice beast hits you.
* * * LOW HITPOINT WARNING * * *
The ice beast freezes you!
You die...

.# #.#...... ..# ... ###.# ...#
#.# #+#.# ##...# #.###.##
##...###....## #.....)### #
#......#..#..# #.#).....###.#.##
..#.##.#.#...####.#.#...†........
~~~~~~~~≈#.....)....#.##.##.##.#.
~#~~≈≈≈#≈#.#.####Y.##...... ... .
≈#≈###≈#~.......@..########......
≈#≈≈≈≈≈#~#.#.#.#...# ).##.
~~~~≈≈~~~..#...#.### ...
...)#)....######.. # # ##
.##.#.))..# #### .. #.##.
.#..+.....# ... #.... ###.#.....#
.. #. ........# .. ## ...######
#. #.


You could see an ice beast.

Vanquished Creatures
  A gnoll sergeant (D:5)
  2 scorpions
  A hound (D:5)
  3 iguanas
  3 gnolls
  3 adders
  A shadow imp (D:4)
  2 worms
  4 dart slugs
  11 orcs
  5 endoplasms
  A giant cockroach (D:4)
  4 goblins
  4 hobgoblins
  2 quokkas
  A ball python (D:3)
  3 bats
  3 frilled lizards
  7 kobolds
  4 rats
65 creatures vanquished.

Vanquished Creatures (others)
  An orc wizard (D:5)
1 creature vanquished.

Grand Total: 66 creatures vanquished

Notes
Turn   | Place    | Note
-------+----------+-------------------------------------------
     0 | D:1      | Irreverend the Barachi Hunter began the quest for the Orb.
     0 | D:1      | Reached XP level 1. HP: 17/17 MP: 1/1
   205 | D:1      | Reached XP level 2. HP: 23/23 MP: 2/2
   790 | D:2      | Found Etelufall's Book Emporium.
   932 | D:2      | Found Bavvi's Antique Armour Shoppe.
   949 | D:2      | Identified the +5 quarterstaff of Honour {flame, rC+ Int+3}
   958 | D:2      | Reached XP level 3. HP: 28/28 MP: 3/3
  1096 | D:2      | Found Modonoba's Magic Scroll Emporium.
  2032 | D:3      | Reached XP level 4. HP: 35/35 MP: 4/4
  2233 | D:4      | Reached skill level 5 in Ranged Weapons
  2257 | D:4      | Reached XP level 5. HP: 27/42 MP: 5/5
  2649 | D:4      | Found a shimmering blue altar of Sif Muna.
  2949 | D:4      | Found an ornate altar of the Wu Jian Council.
  2996 | D:5      | Entered Level 5 of the Dungeon
  3042 | D:5      | HP: 1/42 [gnoll sergeant/+1 antimagic trident (8)]
  3258 | D:5      | Reached XP level 6. HP: 31/48 MP: 0/6
  3263 | D:5      | Noticed Duvessa
  3588 | D:4      | Reached skill level 6 in Ranged Weapons
  3942 | D:5      | Noticed an ice beast
  4154 | D:5      | Gained mutation: Your mind is acute. (Int +4, Str/Dex -1)
                  | [potion of mutation]
  4154 | D:5      | Gained mutation: You are robust. (+10% HP) [potion of
                  | mutation]
  4154 | D:5      | Gained mutation: You have large cloven feet. [potion of
                  | mutation]
  4155 | D:5      | HP: 1/53 [scorpion (5)]
  4166 | D:5      | HP: 2/53 [ice beast (2)]
  4166 | D:5      | Mangled by an ice beast

Illustrated notes

Levels and vault maps discovered:
D:1:      dpeg_arrival_rhombi, layout_loops_cross
D:2:      layout_basic, serial_shops, shop, shop, nicolae_shop_peninsula
D:3:      layout_basic, solitary_fountain
D:4:      layout_loops_ring, mainiacjoe_overflow_paths,
          lemuel_coloured_pillars_altar, kennysheep_pointless_box
D:5:      layout_basic, fedhas_altar_3, minmay_temple_entry_trees,
          minmay_misc_feat_hallway, minmay_crystal_water, kennysheep_nub,
          grunt_decor_junction, uniq_sigmund, uniq_duvessa

Skill      XL: |  1  2  3  4  5  6 |
---------------+-------------------+-----
Fighting       | 3 4 |  4.7
Dodging        | 3 4 |  4.3
Ranged Weapons | 5 6 |  6.3
Stealth        | |  0.8

Action                     |  1- 3 |  4- 6 || total
---------------------------+-------+-------++-------
   Fire: Shortbow          |    97 |   185 ||   282
Ability: Hop               |       |     2 ||     2
  Evoke: Wand              |       |     7 ||     7
    Use: Potion            |       |     1 ||     1
 Armour: Leather armour    |    10 |    13 ||    23
  Dodge: Dodged            |    16 |    74 ||    90

Table legend: (Time is in decaauts)
 A = Elapsed time spent in this place.
 B = Non-inter-level travel time spent in this place.
 C = Inter-level travel time spent in this place.
 D = Time resting spent in this place.
 E = Time spent auto-exploring this place.
 F = Levels seen in this place.
 G = Mean time per level.
                   A        B        C        D        E       F      G
               +--------+--------+--------+--------+--------+-----+--------+
         Total |   4804 |   4329 |    475 |    693 |   2942 |   5 |  960.8 |
       Dungeon |   4804 |   4329 |    475 |    693 |   2942 |   5 |  960.8 |
               +--------+--------+--------+--------+--------+-----+--------+

Top non-repeatable levels by time:
     D:4: 1476 daAuts
     D:2: 949 daAuts
     D:1: 933 daAuts
     D:3: 925 daAuts
     D:5: 520 daAuts
